 Dungeon Crawl Stone Soup version 0.32-a0-536-ge1f55a6 (webtiles) character file.

Game seed: 7997181058015248358

441 cnlflgl the Ruffian (level 7, -4/44 HPs)
             Began as an Octopode Shapeshifter on Feb 28, 2024.
             Was an Initiate of Gozag.
             Splashed by a jelly's acid (5 damage)
             ... on level 5 of the Dungeon.
             The game lasted 00:12:05 (3735 turns).

cnlflgl the Ruffian (Octopode Shapeshifter)         Turns: 3735, Time: 00:12:06

Health: -4/44      AC: -3    Str: 15    XL:     7   Next: 2%
Magic:  7/7        EV: 13    Int: 12    God:    Gozag
Gold:   335        SH:  0    Dex: 12    Spells: 6/6 levels left

rFire   . .          .
                       - Unarmed
rCold   . . .        (no shield)
rNeg    . . .        (helmet currently unavailable)
rPois   .            (no amulet)
rElec   .            (no ring)
rCorr   .            (no ring)
SInv    .            (no ring)
Will    .....        (no ring)
Stlth   ++           (no ring)
HPRegen 0.27/turn    (no ring)
MPRegen 0.10/turn    (no ring)
                     (no ring)

%: no passive effects
@: beast-form, corroded
A: beast (slay +2), almost no armour, amphibious, 8 rings, camouflage 1,
gelatinous body 1, (nimble swimmer 1), tentacles
a: Begin Untransformation, Renounce Religion, Potion Petition, Call Merchant,
Bribe Branch


You were on level 5 of the Dungeon.
You worshipped Gozag.
Gozag was aware of your devotion.
You were a hulking beast.
You visited 2 branches of the dungeon, and saw 6 of its levels.

You collected 418 gold pieces.
You paid 83 gold pieces to Gozag.

Inventory:

Missiles
 d - 6 poisoned darts (quivered)
 n - 2 curare-tipped darts
Talismans
 b - a beast talisman (active)
 c - a flux talisman
 e - a blade talisman
 g - a dragon-blood talisman
 u - a talisman of death
Scrolls
 h - a scroll of teleportation {unknown}
 i - a scroll of noise {unknown}
 k - 5 scrolls of identify {unknown}
 m - 2 scrolls of enchant weapon {unknown}
 o - a scroll of brand weapon {unknown}
 q - a scroll of poison {unknown}
 w - a scroll of blinking {unknown}
 x - a scroll of torment {unknown}
Potions
 a - 5 potions of lignification
 f - a potion of cancellation {unknown}
 j - a potion of mutation {unknown}
 l - a potion of brilliance {unknown}
 p - a potion of curing {unknown}
 r - a potion of berserk rage {unknown}
 s - 2 potions of heal wounds {unknown}
 t - a potion of enlightenment {unknown}
 v - a potion of attraction {unknown}


   Skills:
 + Level 1.9 Fighting
 + Level 0.1 Throwing
 - Level 2.0 Dodging
 + Level 6.7 Unarmed Combat
 + Level 4.0 Shapeshifting


You had 6 spell levels left.
You didn't know any spells.
Your spell library contained the following spells:

 Spells                   Type           Power      Damage    Failure   Level
 Blink                    Tloc           0%         N/A       45%         2
 Ensorcelled Hibernation  Hex/Ice        0%         N/A       45%         2
 Lesser Beckoning         Tloc           0%         N/A       45%         2
 Momentum Strike          Conj/Tloc      0%         3d8       45%         2
 Passwall                 Erth           0%         N/A       69%         3
 Swiftness                Air            0%         N/A       69%         3


Dungeon Overview and Level Annotations

Branches:
Dungeon (5/15)             Temple (1/1) D:4

Altars:
Ashenzari
Cheibriados
Elyvilon
Fedhas
Gozag
Kikubaaqudgha
Makhleb
Nemelex Xobeh
Qazlal
Ru
Sif Muna
Trog
Uskayaw
Vehumet
Wu Jian
Yredelemnul
Zin
The Shining One

Shops:
D:5 =

Annotations:
D:3 1 runed translucent door, Crazy Yiuf


Innate Abilities, Weirdness & Mutations

You are a hulking beast.
Your limbs bulge with bestial killing power. (Slay +2)
You cannot wear most types of armour.
You are amphibious.
You can wear up to eight rings at the same time.
Your skin changes colour to match your surroundings (Stealth+).
Your rubbery body absorbs attacks. (AC +1, EV +1)
((You are camouflaged when in or above water. (Stealth+)))
You have tentacles for arms and can constrict up to eight enemies at once.


Message History

Press: ? - help, Shift-Dir - straight line, f/p - jelly
Aim: a jelly (lightly wounded, 89% to hit)
You throw a poisoned dart. The poisoned dart hits the jelly.
The jelly is lightly wounded.
Unknown command.
Throw: 8 darts (poison)
Press: ? - help, Shift-Dir - straight line, f/p - jelly
Aim: a jelly (lightly wounded, 89% to hit)
You throw a poisoned dart. The poisoned dart hits the jelly.
The jelly is lightly wounded.
Unknown command.
Throw: 7 darts (poison)
Press: ? - help, Shift-Dir - straight line, f/p - jelly
Aim: a jelly (lightly wounded, 89% to hit)
You throw a poisoned dart. The poisoned dart hits the jelly.
The jelly is lightly wounded.
Unknown command.
You tentacle-slap the jelly. The acid corrodes you!
Your tentacles burn!
The jelly is moderately wounded.
The jelly hits you. The acid corrodes you!
You are splashed with acid!
You completely miss the jelly.
The jelly is moderately wounded.
The jelly hits you.
You are splashed with acid.
You tentacle-slap the jelly.
Your tentacles burn!
The jelly is heavily wounded.
The jelly misses you.
You tentacle-slap the jelly but do no damage.
Your tentacles burn!
You squeeze the jelly.
The jelly is almost dead.
The jelly hits you. The acid corrodes you!
You are splashed with acid!
* * * LOW HITPOINT WARNING * * *
You tentacle-slap the jelly but do no damage.
Your tentacles burn!
* * * LOW HITPOINT WARNING * * *
You squeeze the jelly, but do no damage.
The jelly is almost dead.
The jelly completely misses you.
You tentacle-slap the jelly.
Your tentacles burn!
You die...
Your body crumbles into a pile of gold.

#..[......# #..#
...#####..######..#
#(.# #..........#
#..# #.#######.##
#..# #.# #(# #..#
#.# #(# #..# #.#
#(# #..# #.# #J#
#..# #.#
##h##########.#
...#
#.....<.......#
##.# #
#####..############
#.#
#.##.............
##.#
#.........#######
...########.####.#
............# #.#
########.#### #.#
#... ..#


You could see a jelly.

Vanquished Creatures
  A howler monkey (D:5)
  3 orc priests
  3 hounds
  2 orc wizards
  An iguana (D:4)
  A gnoll (D:5)
  4 adders
  A dart slug (D:3)
  2 ribbon worms (D:2)
  15 orcs
  5 bats
  6 endoplasms
  3 giant cockroaches
  6 goblins
  8 hobgoblins
  9 jackals
  6 kobolds
  A quokka (D:2)
  9 ball pythons
  A frilled lizard (D:3)
  5 rats
92 creatures vanquished.

Notes
Turn   | Place    | Note
-------+----------+-------------------------------------------
     0 | D:1      | cnlflgl the Octopode Shapeshifter began the quest for the
                  | Orb.
     0 | D:1      | Reached XP level 1. HP: 13/13 MP: 1/1
   116 | D:1      | Reached XP level 2. HP: 18/18 MP: 2/2
   127 | D:1      | Found a faded altar of an unknown god.
   406 | D:1      | Found a sacrificial altar of Ru.
   891 | D:2      | Reached XP level 3. HP: 23/23 MP: 3/3
   904 | D:2      | Reached skill level 4 in Unarmed Combat
  1471 | D:2      | Reached XP level 4. HP: 28/28 MP: 4/4
  1702 | D:3      | Found a runed translucent door.
  1703 | D:3      | Noticed Crazy Yiuf
  1727 | D:3      | Found a shimmering blue altar of Sif Muna.
  1801 | D:3      | Found a glowing golden altar of the Shining One.
  1885 | D:3      | Reached skill level 5 in Unarmed Combat
  1885 | D:3      | Reached XP level 5. HP: 33/33 MP: 5/5
  1907 | D:3      | Found a sacrificial altar of Ru.
  2399 | D:4      | Found a burning altar of Makhleb.
  2501 | D:4      | Found a staircase to the Ecumenical Temple.
  2510 | Temple   | Entered the Ecumenical Temple
  2528 | Temple   | Became a worshipper of Gozag Ym Sagoz the Greedy
  2665 | D:4      | Reached XP level 6. HP: 39/39 MP: 6/6
  2788 | D:4      | Found an ornate altar of the Wu Jian Council.
  3062 | D:4      | Reached skill level 6 in Unarmed Combat
  3362 | D:5      | Entered Level 5 of the Dungeon
  3489 | D:5      | Found Elou's Jewellery Shoppe.
  3501 | D:5      | Noticed a water moccasin
  3705 | D:5      | Reached XP level 7. HP: 44/44 MP: 7/7
  3734 | D:5      | HP: 1/44 [acid (4)]
  3735 | D:5      | Splashed by a jelly's acid

Illustrated notes

Levels and vault maps discovered:
D:1:      sevenhm_arrival_forest_fort_small_6, layout_basic,
          nicolae_ecumenical_snake_handling, minmay_pentomino_r4
D:2:      layout_basic
D:3:      layout_rooms, nicolae_sif_muna_little_library, tso_altar,
          nicolae_ru_the_path_less_chosen, uniq_crazy_yiuf_cottage
D:4:      layout_basic, mainiacjoe_overflow_catwalk, kennysheep_little_box,
          minmay_temple_entry_statues, serial_glass, glass_columns_b,
          glass_columns_a, glass_columns_a, glass_columns_c, glass_columns_c,
          glass_columns_a, due_unseen_surprise, item_on_display_a,
          item_on_display_a
D:5:      layout_loops_ring, serial_shops, shop
Temple:   nicolae_temple_ecumenical_triangle

Skill      XL: |  1  2  3  4  5  6 |
---------------+-------------------+-----
Unarmed Combat | 4 5 6 |  6.7
Shapeshifting  | 4 |  4.0
Fighting       | |  1.9
Throwing       | |  0.1
Dodging        | |  2.0

Action                     |  1- 3 |  4- 6 |  7- 9 || total
---------------------------+-------+-------+-------++-------
  Melee: Unarmed           |    58 |    98 |     6 ||   162
         Constrict         |    14 |    28 |       ||    42
         Tentacles         |     9 |    16 |     2 ||    27
         Punch             |     1 |     1 |       ||     2
  Throw: Dart              |       |     2 |     4 ||     6
   Stab: Sleeping          |     7 |     6 |       ||    13
 Armour: Skin              |    26 |    31 |     3 ||    60
  Dodge: Dodged            |    32 |    45 |     2 ||    79
         Repelled          |     2 |       |       ||     2

Table legend: (Time is in decaauts)
 A = Elapsed time spent in this place.
 B = Non-inter-level travel time spent in this place.
 C = Inter-level travel time spent in this place.
 D = Time resting spent in this place.
 E = Time spent auto-exploring this place.
 F = Levels seen in this place.
 G = Mean time per level.
                   A        B        C        D        E       F      G
               +--------+--------+--------+--------+--------+-----+--------+
         Total |   3718 |   3539 |    179 |    265 |   2337 |   6 |  619.7 |
       Dungeon |   3691 |   3520 |    171 |    265 |   2337 |   5 |  738.2 |
        Temple |     27 |     19 |      8 |      0 |      0 |   1 |   27.0 |
               +--------+--------+--------+--------+--------+-----+--------+

Top non-repeatable levels by time:
     D:4: 1101 daAuts
     D:2: 919 daAuts
     D:3: 719 daAuts
     D:1: 669 daAuts
     D:5: 281 daAuts
  Temple: 27 daAuts
